 Dungeon Crawl Stone Soup version 0.18-a0-775-g4d9e04e (webtiles) character file.

112 JokEr the Skirmisher (level 4, -4/30 HPs)
             Began as a Gargoyle Fighter on Dec 13, 2015.
             Was an Initiate of Okawaru.
             Slain by an ogre
             ... wielding a cursed -2 giant spiked club
              (9 damage)
             ... on level 5 of the Dungeon.
             The game lasted 00:03:31 (2677 turns).

JokEr the Skirmisher (Gargoyle Fighter)             Turns: 2677, Time: 00:03:31

Health: -4/30      AC: 13    Str: 21    XL:     4   Next: 95%
Magic:  4/4        EV:  7    Int:  8    God:    Okawaru [......]
Gold:   232        SH:  9    Dex:  9    Spells: 0 memorised, 3 levels left

rFire  . . .     SeeInvis .     a - +0 flail
rCold  . . .     Clarity  .     b - +1 scale mail
rNeg   + . .     SustAt   .     c - +0 shield
rPois  ∞         Gourm    .     (no helmet)
rElec  +         Spirit   .     (no cloak)
rCorr  .         Dismiss  .     l - +0 pair of gloves
rMut   .         Stasis   .     j - +0 pair of boots
MR     .....                    (no amulet)
Stlth  ..........               (no ring)
                                (no ring)

@: not resistant to hostile enchantments, extremely unstealthy
A: negative energy resistance 1, electricity resistance, unbreathing,
petrification resistance, rot immunity, AC +3
a: Renounce Religion


You were on level 5 of the Dungeon.
You worshipped Okawaru.
Okawaru was noncommittal.
You were not hungry.

You visited 1 branch of the dungeon, and saw 5 of its levels.

You collected 232 gold pieces.

Inventory:

Hand Weapons
 a - a +0 flail (weapon)
Armour
 b - a +1 scale mail (worn)
 c - a +0 shield (worn)
 j - a +0 pair of boots (worn)
 l - a +0 pair of gloves (worn)
Jewellery
 q - a cursed ring of teleportation
Scrolls
 m - a scroll of remove curse
 v - 3 scrolls of teleportation
Potions
 d - 2 potions of might
 e - 3 potions of haste
 h - 2 potions of invisibility {unknown}
 i - 2 potions of heal wounds {unknown}
 k - 3 potions of berserk rage
 n - a potion of poison {unknown}
 s - 3 potions of flight {unknown}
 t - 3 potions of curing {unknown}
 u - a potion of cancellation {unknown}
 w - 2 potions of brilliance {unknown}
Comestibles
 f - 2 bread rations
 g - 2 beef jerkies
 p - 2 fruits
 r - a meat ration


   Skills:
 + Level 4.8 Fighting
 + Level 3.7 Maces & Flails
 - Level 3.2 Armour
 - Level 3.2 Shields


You had 3 spell levels left.
You didn't know any spells.

Dungeon Overview and Level Annotations

Branches:
Dungeon (5/15)             Temple (0/1) D:4

Altars:
Ashenzari
Okawaru
Ru
Vehumet


Innate Abilities, Weirdness & Mutations

You are resistant to torment.
Your stone body is resilient (AC +3).
You are immune to poison.
You resist negative energy.
You are resistant to electric shocks.
You can survive without breathing.
You are immune to petrification.
You are immune to rotting.


Message History

The quokka disappears!
There is an open door here.
An ogre comes into view. It is wielding a giant spiked club.
The ogre shouts!
You sock the ogre!
The ogre is moderately wounded.
The ogre barely misses you.
You sock the ogre!
The ogre is severely wounded.
The ogre hits you with a giant spiked club!
Your shield and scale mail prevent you from hitting the ogre.
The ogre is severely wounded.
The ogre hits you with a giant spiked club!
Ouch! That really hurt!
* * * LOW HITPOINT WARNING * * *
Okay, then.
Your shield and scale mail prevent you from hitting the ogre.
The ogre is severely wounded.
The ogre hits you with a giant spiked club!
You die...

## #### # .# ######..# #
.####.......# #
............# #
............# #
............# #
##O...........# #
##@.#..........## # ##
##..###..........###
#.####..##...............
##...#..###.###.......#..#
#......####...##......#..#
##.......##..#.###....##.##
#....................##..#
#........####'####.####..#
#........#.^#.#^.#.# ##.##


You could see an ogre.

Vanquished Creatures
  A giant frog skeleton (D:5)
  5 adders
  An ooze (D:2)
  A worm (D:4)
  2 giant geckos
  An orc (D:3)
  A ball python (D:4)
  4 bats (D:1)
  3 goblins
  6 hobgoblins
  A quokka (D:2)
  A giant cockroach (D:3)
  4 kobolds
  4 rats (D:1)
35 creatures vanquished.

Notes
Turn   | Place    | Note
--------------------------------------------------------------
     0 | D:1      | JokEr the Gargoyle Fighter began the quest for the Orb.
     0 | D:1      | Reached XP level 1. HP: 14/14 MP: 1/1
    83 | D:1      | Reached XP level 2. HP: 17/19 MP: 2/2
   760 | D:2      | Found a sacrificial altar of Ru.
   774 | D:2      | Reached XP level 3. HP: 22/24 MP: 3/3
   967 | D:2      | Found a shattered altar of Ashenzari.
  1035 | D:2      | Reached skill level 4 in Fighting
  1116 | D:3      | Found a faded altar to an unknown god.
  1529 | D:4      | Reached XP level 4. HP: 30/30 MP: 4/4
  1797 | D:4      | Found an iron altar of Okawaru.
  1805 | D:4      | Became a worshipper of Warmaster Okawaru
  2081 | D:4      | Found a staircase to the Ecumenical Temple.
  2569 | D:5      | Entered Level 5 of the Dungeon
  2633 | D:5      | Found a radiant altar of Vehumet.
  2671 | D:5      | Noticed an ogre
  2677 | D:5      | Slain by an ogre

Vault maps used:
D:1:      dpeg_arrival_simpleton_b, minmay_misc_feat_cross
D:2:      nicolae_ru_awakened_eye, nicolae_ashenzari_panopticon
D:3:      ecumenical_altar_1
D:4:      kennysheep_okawaru_gauntlet, minmay_temple_entry_junction2
D:5:      kennysheep_mini, grunt_temple_overflow_opulence, first_bread,
          grunt_tough_drop

Action                   |  1- 3 |  4- 6 || total
-------------------------+-------+-------++-------
Melee: Flail             |    92 |    29 ||   121
  Use: Scroll            |     7 |     2 ||     9
  Eat: Bread ration      |       |     1 ||     1
       Royal jelly       |       |     1 ||     1
